 Dungeon Crawl Stone Soup version 0.30-a0-718-geaa24f58ff (webtiles) character file.

Game seed: 17193677033694591878

868 brightshaft the Trooper (level 8, -5/61 HPs)
             Began as a Djinni Gladiator on Jan 25, 2023.
             Was a Follower of Makhleb.
             Slain by Menkaure (20 damage)
             ... on level 6 of the Dungeon.
             The game lasted 00:10:32 (5228 turns).

brightshaft the Trooper (Djinni Gladiator)          Turns: 5228, Time: 00:10:33

Health: -5/61      AC:  4    Str: 19    XL:     8   Next: 23%
Gold:   201        EV: 13    Int: 11    God:    Makhleb [*.....] SH:  0 Dex: 16

rFire   + + .      SeeInvis .    j - +3 short sword (speed)
rCold   x . .      Faith    .    (no shield)
rNeg    . . .      Spirit   .    n - +0 robe
rPois   ∞          Reflect  .    c - +0 helmet
rElec   .          Harm     .    (no cloak)
rCorr   .          Rampage  .    i - +0 pair of gloves
Will    .....                    (boots unavailable)
Stlth   +                        l - amulet of regeneration
HPRegen 1.10/turn                h - +6 ring of strength
MPRegen 0.00/turn                (no ring)

@: flying
A: sickness immunity, fire resistance 2, cold vulnerability 1, float, innate
caster, HP casting, extra vitality 1
a: Renounce Religion


You were on level 6 of the Dungeon.
You worshipped Makhleb.
Makhleb was aware of your devotion.
You visited 2 branches of the dungeon, and saw 7 of its levels.

You collected 201 gold pieces.

Inventory:

Hand Weapons
 a - a +0 long sword
 j - a +3 short sword of speed (weapon)
 x - a +0 arbalest
Missiles
 d - 3 throwing nets
 e - a javelin
Armour
 b - a +0 leather armour
 c - a +0 helmet (worn)
 i - a +0 pair of gloves (worn)
 n - a +0 robe (worn)
 t - a +0 ring mail
Jewellery
 h - a +6 ring of strength (left hand)
 l - an amulet of regeneration (around neck)
 u - a ring of positive energy
Wands
 k - a wand of iceblast (9)
 w - a wand of polymorph (6)
 y - a wand of mindburst (7) {@v3}
Scrolls
 g - 12 scrolls of identify {@r1}
 s - 3 scrolls of immolation
 B - a scroll of fog
Potions
 f - a potion of heal wounds {unknown}
 m - 2 potions of brilliance {unknown}
 o - 2 potions of attraction {unknown}
 p - a potion of invisibility {unknown}
 q - a potion of ambrosia {unknown}
 r - 2 potions of curing {unknown}
 v - a potion of berserk rage {unknown}
 z - a potion of mutation {unknown}
 A - 2 potions of cancellation {unknown}
 C - a potion of might {unknown}


   Skills:
 * Level 6.2 Fighting
 - Level 1.5(2.5) Short Blades
 - Level 2.9(3.1) Long Blades
 - Level 1.5 Throwing
 - Level 3.2 Dodging
 * Level 4.3 Spellcasting


You had 10 spell levels left.
You knew the following spells:

 Your Spells              Type           Power      Damage    Failure   Level
a - Magic Dart            Conj           48%        1d5       3%          1
b - Poisonous Vapours     Pois/Air       24%        N/A       6%          2
c - Momentum Strike       Conj/Tloc      24%        3d8       6%          2
Your spell library was empty.

Dungeon Overview and Level Annotations

Branches:
Dungeon (6/15)             Temple (1/1) D:4

Altars:
Ashenzari
Cheibriados
Dithmenos
Elyvilon
Fedhas
Gozag
Hepliaklqana
Makhleb
Nemelex Xobeh
Okawaru
Trog
Uskayaw
Wu Jian
Xom
Yredelemnul
Zin
The Shining One

Shops:
D:1 *

Annotations:
D:5 1 runed translucent door, HypermagicGuardian's ghost, novice HOFi
D:6 Menkaure


Innate Abilities, Weirdness & Mutations

You are immune to sickness and miasma.
You are immune to poison.
Your flesh is very heat resistant. (rF++)
You are vulnerable to cold. (rC-)
You float through the air rather than walking.
You learn spells naturally, not from books.
Your magical power is your life essence.
You have superior vitality. (+4 MHP)


Message History

The adder is moderately wounded.
The adder barely misses you.
The magic dart hits the adder.
The adder is heavily wounded.
The adder closely misses you.
The magic dart hits the adder.
The adder is severely wounded.
The adder completely misses you.
The magic dart hits the adder.
You kill the adder!
Makhleb accepts your kill.
You can't see any susceptible monsters within range! (Use Z to cast anyway.)
You can't see any susceptible monsters within range! (Use Z to cast anyway.)
u - a ring of positive energy
v - a viscous golden potion Menkaure, Prince of Dust comes into view.
Menkaure shouts!
The magic dart hits Menkaure.
Menkaure is lightly damaged.
The magic dart hits Menkaure.
Menkaure is lightly damaged.
Menkaure casts a spell.
Menkaure seems to speed up.
The magic dart hits Menkaure.
Menkaure is moderately damaged.
The magic dart hits Menkaure.
Menkaure is moderately damaged.
Menkaure casts a spell at you. Pain shoots through your body!
The magic dart hits Menkaure.
Menkaure is heavily damaged.
Menkaure calls on the powers of darkness!
Your body is wracked with pain!
You are too injured to fight recklessly!
Menkaure shouts, "Why can't you leave me to my rest?"
Menkaure calls on the powers of darkness!
Your body is wracked with pain!
* * * LOW HITPOINT WARNING * * *
Menkaure hits you!!
You die...

#....................#
#....####............#
#.#<...##............#
#.##.................#
......................#
##.##.#...#...........+
# #....###...........#
#..#.###...........#
####.....@##.......#
#....?M##.......#
#.[....##.......#
#......##.......#
........#....##..#
.##.....#....# ....
...........# ...#
########


You could see Menkaure (fast).

Vanquished Creatures
  A sky beast (D:5)
  A bullfrog (D:6)
  A necrophage (D:5)
  A crimson imp (D:5)
  3 hounds (D:5)
  2 jellies (D:5)
  2 orc priests
  A gnoll bouda (D:4)
  2 iguanas
  Jessica (D:2)
  4 orc wizards
  7 adders
  4 gnolls (D:4)
  An ufetubus (D:6)
  2 worms
  6 dart slugs
  5 orcs
  7 endoplasms
  4 giant cockroaches
  3 goblins
  4 hobgoblins
  8 kobolds
  4 quokkas
  8 ball pythons
  6 bats
  5 frilled lizards
  2 goblin skeletons (D:5)
  A goblin zombie (D:5)
  3 kobold skeletons (D:5)
  2 orc zombies (D:5)
  5 rats
106 creatures vanquished.

Vanquished Creatures (others)
  3 plants (D:2)
  2 withered plants (D:5)
5 creatures vanquished.

Grand Total: 111 creatures vanquished

Notes
Turn   | Place    | Note
-------+----------+-------------------------------------------
     0 | D:1      | brightshaft the Djinni Gladiator began the quest for the
                  | Orb.
     0 | D:1      | Reached XP level 1. HP: 18/18 MP: 0/0
   165 | D:1      | Reached XP level 2. HP: 19/23 MP: 0/0
   792 | D:1      | Found Asasep's General Store.
  1032 | D:2      | Reached XP level 3. HP: 29/29 MP: 0/0
  1032 | D:2      | Learned a level 1 spell: Magic Dart
  1064 | D:2      | Reached skill level 1 in Spellcasting
  1160 | D:2      | Reached skill level 1 in Short Blades
  1221 | D:2      | Noticed Jessica
  1240 | D:2      | Killed Jessica
  1241 | D:2      | Reached XP level 4. HP: 7/34 MP: 0/0
  1275 | D:2      | Found a faded altar of an unknown god.
  1281 | D:2      | Reached skill level 3 in Fighting
  2050 | D:3      | Reached XP level 5. HP: 38/40 MP: 0/0
  2050 | D:3      | Learned a level 2 spell: Poisonous Vapours
  3038 | D:4      | Reached XP level 6. HP: 44/47 MP: 0/0
  3238 | D:4      | Reached skill level 4 in Fighting
  3370 | D:4      | Found a staircase to the Ecumenical Temple.
  3386 | Temple   | Entered the Ecumenical Temple
  3677 | Temple   | Became a worshipper of Makhleb the Destroyer
  4179 | D:5      | Entered Level 5 of the Dungeon
  4235 | D:5      | Reached XP level 7. HP: 53/53 MP: 0/0
  4235 | D:5      | Learned a level 2 spell: Momentum Strike
  4257 | D:5      | Found a glowing golden altar of the Shining One.
  4377 | D:5      | Reached skill level 5 in Fighting
  4594 | D:5      | Found a runed translucent door.
  4594 | D:5      | Noticed HypermagicGuardian's ghost (novice HOFi)
  4859 | D:5      | Found a snail-covered altar of Cheibriados.
  4859 | D:5      | Found an opulent altar of Gozag.
  4865 | D:5      | Found a broken altar of Ashenzari.
  4868 | D:5      | Found a shimmering altar of Xom.
  4887 | D:5      | Reached XP level 8. HP: 61/61 MP: 0/0
  4887 | D:5      | Found a sparkling altar of Nemelex Xobeh.
  4911 | D:5      | Found an iron altar of Okawaru.
  5135 | D:6      | Reached * piety under Makhleb
  5136 | D:6      | Reached skill level 6 in Fighting
  5222 | D:6      | Noticed Menkaure
  5228 | D:6      | Slain by Menkaure

Illustrated notes

Levels and vault maps discovered:
D:1:      tarquinn_simple_flora_water_b, layout_basic, serial_shops, shop,
          chequers_avenue, grunt_decor_clamped
D:2:      layout_basic, chequers_ecumenical_altar_lobes, uniq_jessica
D:3:      layout_basic
D:4:      layout_basic, minmay_temple_entry_junction
D:5:      layout_loops_ring, nicolae_overflow_hallway_of_the_gods,
          nicolae_tso_besieged_by_evil, gammafunk_ghost_grave
D:6:      layout_basic, minmay_door_square, minmay_hollow_rounded_squares,
          uniq_menkaure
Temple:   oiseaux_autumnal_temple

Skill      XL: |  1  2  3  4  5  6  7  8 |
---------------+-------------------------+-----
Spellcasting   | 1 2 3 4 |  4.3
Short Blades   | 1 |  1.5
Fighting       | 3 4 5 6 |  6.2
Long Blades    | |  2.9
Throwing       | |  1.5
Dodging        | |  3.2

Action                     |  1- 3 |  4- 6 |  7- 9 || total
---------------------------+-------+-------+-------++-------
  Melee: Long sword        |    14 |       |       ||    14
         Short sword       |    93 |   124 |    82 ||   299
         Punch             |       |     1 |     1 ||     2
   Cast: Magic Dart        |       |   136 |    87 ||   223
         Momentum Strike   |       |       |     9 ||     9
    Use: Scroll            |     3 |     3 |     3 ||     9
   Stab: Sleeping          |     1 |       |       ||     1
 Armour: Leather armour    |    25 |       |       ||    25
         Robe              |       |    37 |    21 ||    58
  Dodge: Dodged            |    47 |    88 |    67 ||   202

Table legend: (Time is in decaauts)
 A = Elapsed time spent in this place.
 B = Non-inter-level travel time spent in this place.
 C = Inter-level travel time spent in this place.
 D = Time resting spent in this place.
 E = Time spent auto-exploring this place.
 F = Levels seen in this place.
 G = Mean time per level.
                   A        B        C        D        E       F      G
               +--------+--------+--------+--------+--------+-----+--------+
         Total |   5089 |   4822 |    267 |      0 |   3940 |   7 |  727.0 |
       Dungeon |   4769 |   4529 |    240 |      0 |   3673 |   6 |  794.8 |
        Temple |    319 |    292 |     27 |      0 |    267 |   1 |  319.0 |
               +--------+--------+--------+--------+--------+-----+--------+

Top non-repeatable levels by time:
     D:3: 1076 daAuts
     D:1: 1020 daAuts
     D:4: 943 daAuts
     D:5: 874 daAuts
     D:2: 719 daAuts
  Temple: 319 daAuts
     D:6: 135 daAuts
